Map: Lost and Found LE

Players

DnS - Winner!

  • Race: Protoss Protoss
  • Spawn Location: 7:00

Harstem

  • Race: Protoss Protoss
  • Spawn Location: 1:00

Event: WCS Valencia 2018

VOD

Have the link to the VOD?

Description

Time

  • Played on: July 12, 2018, 9:42 a.m.
  • Length: 6:14

All games in this series

Show
View Real Time Build Order
Export as new Build Order

DnS Protoss - Winner!

Build Orders:  

Get SALT Encoding   

  12  0:00  Probe  
  13  0:12  Probe  
  14  0:17  Pylon  
  14  0:24  Probe  
  15  0:32  Probe  
  15  0:38  Gateway  
  15  0:40  Probe  
  16  0:45  Assimilator  
  17  0:50  Probe  
  17  0:53  Assimilator  
  18  0:58  Probe  
  19  1:06  Probe  
  20  1:14  Gateway  
  20  1:17  Probe  
  20  1:25  Cybernetics Core  
  21  1:29  Probe  
  22  1:33  Pylon  
  22  1:41  Probe  
  23  1:47  Warp Gate  
  23  1:53  Probe  
  24  2:02  Stalker x2  
  28  2:10  Pylon  
  28  2:32  Stalker x2  
  32  2:42  Gateway  
  32  2:55  Robotics Facility  
  32  3:02  Stalker x2  
  36  3:15  Shield Battery  
  36  3:32  Pylon  
  36  3:43  Warp Prism  
  38  3:52  Stalker x3  
  44  4:00  Pylon  
  44  4:23  Stalker x2  
  48  4:29  Stalker  
  50  4:36  Pylon  
  50  4:46  Sentry  
  46  5:11  Stalker x2  
  46  5:12  Stalker  
  46  5:34  Stalker  
  46  5:35  Stalker x2  
  50  6:00  Stalker x3  
Show
View Real Time Build Order
Export as new Build Order

Harstem Protoss 

Build Orders: Oracle Opening 

Get SALT Encoding   

  12  0:00  Probe  
  13  0:12  Probe  
  14  0:17  Pylon  
  14  0:24  Probe  
  15  0:32  Probe  
  15  0:39  Gateway  
  15  0:40  Probe  
  16  0:49  Assimilator  
  17  0:50  Probe  
  17  0:55  Assimilator  
  18  0:59  Probe  
  19  1:07  Gateway, Probe  
  20  1:17  Probe  
  21  1:26  Cybernetics Core  
  21  1:29  Probe  
  22  1:39  Pylon  
  22  1:41  Probe  
  23  1:47  Pylon  
  24  2:02  Adept x2  
  28  2:11  Stargate  
  28  2:13  Probe  
  28  2:15  Warp Gate  
  28  2:26  Pylon  
  28  2:34  Stalker  
  32  2:46  Oracle  
  33  3:09  Nexus  
  33  3:20  Oracle  
  33  3:23  Shield Battery  
  33  3:26  Shield Battery  
  33  3:49  Probe  
  33  3:53  Shield Battery x2  
  34  4:02  Shield Battery  
  37  4:08  Pylon  
  34  4:22  Stalker x2  
  38  4:27  Gateway  
  38  4:30  Shield Battery  
  38  4:39  Sentry  
  38  4:42  Probe  
  41  4:46  Stalker  
  43  4:54  Probe  
  44  5:00  Stalker  
  44  5:06  Shield Battery  
  46  5:10  Stalker  
  48  5:14  Probe  
  49  5:26  Stalker x2, Probe  
  48  5:35  Sentry  
  50  5:36  Shield Battery  
  50  5:41  Probe  
  48  5:51  Stalker x2  
  41  6:02  Stalker  
Tags
 
Add a new tag
Caveats
  • Supply blocks, unpowered buildings, or Contaminate may cause inaccurate times.
  • Supply counts are checked every 10 seconds.